AoeStats
← Jontelang

Fortress

510108716Analyzed
2v2 RM · 2d ago on Sep 29, 2026· 45m 21s· 4 players
Game mode
Random Map
Map size
Normal (6 player)
Population
200
Speed
Normal
Resources
Standard
Victory
Conquest
Starting age
Dark Age
Ending age
Imperial Age
RankedLock teamsTeams togetherTeam positionsShared explorationLock speedFull tech treeHidden civsTurbo modeCheats
Victory
Defeat
🇹🇭 Berbers · Thailand
1076
+16
🇹🇭 Britons · Thailand
1001
+19
🇨🇳 Cumans · China
1089
-18
🇨🇳 Persians · China
1059
-17
Jontelang
8:36 Feudal Age
12:51 Castle Age
11:21 Double-Bit Axe
11:29 Stone Mining
11:33 Gold Mining
12:44 Horse Collar
14:04 Fletching
18:22 Bodkin Arrow
19:50 Padded Archer Armor
20:36 Light Cavalry
21:49 Ballistics
23:23 Husbandry
23:30 Scale Barding Armor
26:03 Leather Archer Armor
26:09 Chain Barding Armor
28:04 Gold Shaft Mining
31:19 Imperial Age
30:01 Forging
30:21 Yeomen
31:42 Elite Longbowman
33:17 Ring Archer Armor
32:51 Bracer
33:30 Iron Casting
34:26 Ring Archer Armor
Minotan
8:14 Feudal Age
12:10 Castle Age
10:05 Double-Bit Axe
10:21 Horse Collar
14:16 Wheelbarrow
19:01 Bow Saw
19:41 Hand Cart
19:15 Loom
20:07 Gold Mining
20:09 Stone Mining
21:34 Scale Barding Armor
21:40 Forging
23:10 Chain Barding Armor
23:49 Bloodlines
28:06 Iron Casting
32:02 Husbandry
38:42 Fletching
41:45 Imperial Age
42:33 Heavy Camel Rider
44:17 Plate Barding Armor
46:18 Blast Furnace
Noob_Forever
7:15 Feudal Age
11:12 Castle Age
9:57 Double-Bit Axe
10:09 Horse Collar
14:02 Loom
14:38 Bloodlines
15:13 Bow Saw
20:35 Capped Ram
23:24 Wheelbarrow
23:18 Scale Barding Armor
23:50 Forging
25:50 Chain Barding Armor
26:05 Iron Casting
25:37 Heavy Plow
28:40 Hand Cart
28:49 Fletching
28:59 Padded Archer Armor
28:33 Elite Skirmisher
29:18 Thumb Ring
35:09 Imperial Age
35:25 Elite Steppe Lancer
39:34 Two-Man Saw
39:07 Crop Rotation
38:31 Gold Mining
38:32 Stone Mining
41:28 Plate Barding Armor
41:53 Blast Furnace
44:56 Chemistry
44:17 Ballistics
44:09 Masonry
44:48 Bodkin Arrow
45:09 Leather Archer Armor
2288741
6:01 Loom
9:12 Feudal Age
10:00 Gold Mining
13:19 Castle Age
11:22 Double-Bit Axe
11:30 Stone Mining
11:42 Horse Collar
18:39 Wheelbarrow
17:53 Town Watch
18:33 Bow Saw
18:26 Heavy Plow
20:43 Fletching
25:41 Imperial Age
23:28 Crossbowman
26:00 Gold Shaft Mining
25:53 Kamandaran
27:29 Two-Man Saw
26:52 Padded Archer Armor
27:51 Conscription
27:40 Thumb Ring
28:11 Leather Archer Armor
29:41 Ring Archer Armor
29:35 Hand Cart
29:54 Bodkin Arrow
38:02 Ballistics
42:42 Citadels
Connection lost

Rejoining the realm…

Still unreachable

The connection could not be restored.

Session expired

The server has moved on; the page needs a fresh start.